 Dungeon Crawl Stone Soup version 0.20-a0-809-gaf7f668 (webtiles) character file.

282147 George the Executioner (level 20, 0/191 HPs)
             Began as a Hill Orc Fighter on Mar 2, 2017.
             Was the Champion of Qazlal.
             Slain by a vampire knight
             ... wielding a +2 great sword of draining
              (3 damage)
             ... on level 2 of the Crypt.
             The game lasted 01:36:20 (35638 turns).

George the Executioner (Hill Orc Fighter)          Turns: 35638, Time: 01:36:22

Health: 0/191      AC: 30    Str: 25    XL:     20   Next: 52%
Magic:  17/34      EV: 13    Int:  3    God:    Qazlal [******]
Gold:   756        SH:  8    Dex: 15    Spells: 17/19 levels left

rFire    . . .     SeeInvis +   r - +4 executioner's axe "Oggimas" {vamp, MR+ Int-5 Dex+2 SInv}
rCold    + + .     Gourm    .   y - +8 scale mail of Beogh's Envy {rC+ Regen+ Dex+3 SInv}
rNeg     + + .     Faith    .   (shield currently unavailable)
rPois    +         Spirit   .   N - +0 helmet {SInv}
rElec    +         Reflect  .   m - +0 cloak
rCorr    .         Harm     .   L - +0 pair of gloves "Goruitad" {rElec Slay+3}
MR       +++..                  S - +1 pair of boots {run}
Stlth    ..........             E - amulet of Ixaqonasch {rPois Regen+}
Regen    1.3/turn               q - ring of Yroeloga {rC+ rN++ Dex-3 SInv Stlth-}
MPRegen  0.3/turn               J - ring of protection from magic

@: protected from physical damage, drained, repel missiles, quick
A: no striking features
}: 2/15 runes: decaying, gossamer
a: Upheaval, Elemental Force, Disaster Area, Renounce Religion, Convert to Beogh


You were on level 2 of the Crypt.
You worshipped Qazlal.
Qazlal was exalted by your worship.
You were very hungry.

You visited 8 branches of the dungeon, and saw 36 of its levels.
You also visited: Trove.

You collected 3476 gold pieces.
You spent 2720 gold pieces at shops.

Inventory:

Hand Weapons
 b - a +0 hand axe of flaming
 r - the +4 executioner's axe "Oggimas" (weapon) {vamp, MR+ Int-5 Dex+2 SInv}
   (You found it in a treasure trove)

   It inflicts no extra harm, but heals its wielder when it wounds a living foe.
   It affects your intelligence (-5).
   It affects your dexterity (+2).
   It affects your resistance to hostile enchantments.
   It lets you see invisible.
 x - a +4 executioner's axe of chopping
Armour
 m - a +0 cloak (worn)
 y - the +8 scale mail of Beogh's Envy (worn) {rC+ Regen+ Dex+3 SInv}
   (You found it on level 12 of the Dungeon)

   It affects your dexterity (+3).
   It protects you from cold.
   It lets you see invisible.
   It increases your rate of regeneration.
 L - the +0 pair of gloves "Goruitad" (worn) {rElec Slay+3}
   (You bought it in a shop on level 2 of the Orcish Mines)

   It affects your accuracy and damage with ranged weapons and melee attacks
   (+3).
   It insulates you from electricity.
 N - a +0 helmet of see invisible (worn)
 S - a +1 pair of boots of running (worn)
Jewellery
 n - an uncursed amulet of faith
 q - the ring of Yroeloga (right hand) {rC+ rN++ Dex-3 SInv Stlth-}
   (You found it on level 1 of the Spider Nest)

   [ring of loudness]

   It affects your dexterity (-3).
   It protects you from cold.
   It greatly protects you from negative energy.
   It lets you see invisible.
   It makes you less stealthy.
 E - the amulet of Ixaqonasch (around neck) {rPois Regen+}
   (You found it on level 2 of the Swamp)

   [amulet of regeneration]

   It protects you from poison.
   It increases your rate of regeneration.
 I - the amulet "Verustra" {Gourm -Tele rF++ Dex+5}
   (You found it on level 4 of the Swamp)

   [amulet of the gourmand]

   It allows you to eat raw meat even when not hungry.
   It affects your dexterity (+5).
   It greatly protects you from fire.
   It prevents most forms of teleportation.
 J - a ring of protection from magic (left hand)
Wands
 a - a wand of disintegration (13/24)
Scrolls
 c - 2 scrolls of identify
 g - 19 scrolls of teleportation
 h - 3 scrolls of immolation
 l - 16 scrolls of remove curse
 o - 12 scrolls of recharging
 s - 4 scrolls of fog
 t - 5 scrolls of magic mapping
 v - 4 scrolls of enchant weapon
 B - 5 scrolls of enchant armour
 D - 5 scrolls of fear
 G - a scroll of brand weapon
 K - a scroll of holy word
 T - 8 scrolls of blinking
Potions
 d - 3 potions of might
 e - 3 potions of haste
 i - 6 potions of ambrosia
 j - 8 potions of heal wounds
 u - 3 potions of resistance
 w - 12 potions of curing
 z - 2 potions of magic
 A - 4 potions of invisibility
 H - 8 potions of flight
 M - 2 potions of cancellation
 X - 6 potions of mutation
Miscellaneous
 C - a fan of gales
 U - a phantom mirror
 V - a lamp of fire
 W - a sack of spiders
Comestibles
 f - 24 bread rations
 k - 14 royal jellies
 p - 21 fruits
 F - 12 meat rations


   Skills:
 + Level 19.4(19.2) Fighting
 + Level 24.3(24.0) Axes
 + Level 18.0(17.7) Armour
 + Level 4.4(4.2) Dodging
   Level 5.1(4.9) Shields
 + Level 20.3(20.1) Invocations


You had 17 spell levels left.
You knew the following spells:

 Your Spells              Type           Power        Failure   Level  Hunger
a - Blink                 Tloc           N/A          98%         2    ###....


Dungeon Overview and Level Annotations

Branches:
Dungeon (15/15)            Temple (1/1) D:7            Lair (6/6) D:10
  Swamp (4/4) Lair:2       Spider (4/4) Lair:2        Slime (0/5) Lair:6
    Orc (2/2) D:9             Elf (0/3) Orc:2        Vaults (2/5) D:14
  Crypt (2/3) Vaults:2     Depths (0/5) D:15

Altars:
Ashenzari
Cheibriados
Dithmenos
Elyvilon
Fedhas
Gozag
Hepliaklqana
Kikubaaqudgha
Makhleb
Nemelex Xobeh
Okawaru
Qazlal
Ru
Sif Muna
Trog
Uskayaw
Vehumet
Wu Jian
Xom
Yredelemnul
Zin
The Shining One
Beogh

Shops:
D:5 [   D:10 :   D:13 [   Orc:2 ?[*}

Portals:
Pandemonium: Orc:2

Annotations:
Crypt:2 Saint Roka


Message History

You slash the skeletal warrior!
The vampire knight mumbles some strange words.
The vampire knight seems to speed up.
You slice the skeletal warrior!!
The skeletal warrior is almost destroyed.
You barely miss the vampire knight.
The skeletal warrior hits you with a hand axe of freezing!
* * * LOW HITPOINT WARNING * * *
The vampire knight hits you but does no damage.
You partially resist.
You feel drained.
The vampire knight bites you but does no damage.
Clouds arounds you coalesce and take form!
The vampire knight closely misses you.
The vampire knight bites you but does no damage.
The skeletal warrior hits you but does no damage.
You swap places.
The vampire knight hits you with a great sword of draining!!
* * * LOW HITPOINT WARNING * * *
You partially resist.
You feel drained.
You die...

#.. ..### ....... ....#
#.......# .(.#
#o......# #..#
#§......# #..#
#o.o....# #..#
#.e.....#
###.[########oeo....#
#.....E@Ez)p)≈≈.....#
#.....EV.§.≈).).....#
....#..####.###.......#
........# #.# #.......#
..##..### ### #.......#
. #.. #.......# #..
#.......# #. #.......#
#.......#


You could see Saint Roka, a death knight, a vampire knight (invisible), a deep
elf death mage, a skeletal warrior, a friendly water elemental and 2 friendly
fire elementals.

Vanquished Creatures
  Mara (Spider:4)
  A tentacled monstrosity (Swamp:4)
  An ancient champion (Crypt:1)
  Kirke (Swamp:3)
  3 thorn hunters
  2 ghost moths (Spider:4)
  2 vault wardens (Vaults:1)
  2 emperor scorpions (Spider:4)
  2 curse skulls
  An orc warlord (Orc:1)
  2 very ugly things (Swamp:1)
  4 ironheart preservers (Vaults:2)
  2 stone giants (Vaults:2)
  3 entropy weavers
  3 vampire knights (Crypt:1)
  A spark wasp (Spider:4)
  2 eidola (Crypt:1)
  2 green deaths (Swamp:4)
  2 fire dragons (D:15)
  An ettin (Vaults:2)
  2 deep elf death magi (Vaults:2)
  A yaktaur captain (Vaults:2)
  A vault guard (D:14)
  24 hydras
  7 centaur warriors
  3 ghost crabs
  2 death knights
  19 two-headed ogres
  7 alligators
  A deep troll earth mage (Vaults:2)
  3 tengu warriors
  3 orc high priests (Orc:2)
  A vampire mage (Crypt:2)
  A thrashing horror (Swamp:4)
  2 ogre magi
  2 deep elf knights
  A soul eater (Orc:2)
  28 skeletal warriors
  4 spriggan druids (Swamp:4)
  9 deep trolls
  A golden dragon zombie (Crypt:1)
  6 wizards
  5 shambling mangroves
  4 deep elf archers (Vaults:2)
  2 infernal demonspawn (Orc:2)
  5 swamp dragons (Swamp:4)
  6 harpies (Vaults:2)
  2 necromancers (Crypt:1)
  4 ironbrand convokers
  9 orc knights
  5 phantasmal warriors (Crypt:1)
  5 deep elf magi
  17 ugly things
  26 orb spiders
  11 orc sorcerers
  A frost giant zombie (Crypt:1)
  42 wolf spiders
  An iron dragon zombie (Crypt:1)
  6 cyclopes
  A manticore (D:12)
  2 moths of wrath
  21 elephants
  A smoke demon (Orc:2)
  2 black mambas
  2 orange demons (Swamp:4)
  3 vault sentinels
  2 stone giant skeletons (Crypt:1)
  5 centaur skeletons
  3 centaur zombies
  A torpor snail (Spider:2)
  34 spiny frogs
  Psyche (D:8)
  A gargoyle (D:10)
  An emperor scorpion zombie (Crypt:1)
  17 yaktaurs
  13 demonic crawlers
  3 tengu conjurers
  6 freezing wraiths
  9 komodo dragons
  8 trolls
  A queen bee (Spider:2)
  6 meliai
  43 jumping spiders
  2 polar bears
  A meliai (shapeshifter) (Vaults:1)
  A moth of wrath zombie (Crypt:1)
  12 tyrant leeches
  24 hornets
  A satyr zombie (Crypt:2)
  4 dream sheep (Lair:6)
  12 bog bodies
  An ettin zombie (Crypt:1)
  32 slime creatures
  A fire dragon zombie (Crypt:1)
  17 blink frogs
  7 hippogriffs
  6 flying skulls (Crypt:1)
  A fire dragon skeleton (Crypt:1)
  The ghost of Ratty the Conjurer, an amateur DECj (D:5)
  80 redbacks
  12 spriggans
  12 shadows
  47 yaks
  3 wyverns
  25 tarantellas
  4 wraiths
  4 basilisks
  4 hogs (Swamp:3)
  A steam dragon (shapeshifter) (Vaults:1)
  2 hungry ghosts
  A chaos spawn (Orc:2)
  A neqoxec (Orc:2)
  19 swamp worms
  21 vampire mosquitoes
  7 wargs
  3 acid dragons
  15 insubstantial wisps
  A soldier ant (D:14)
  3 large abominations (Swamp:4)
  14 water moccasins
  6 porcupines
  6 swamp drakes
  3 ice beasts
  A black bear (D:6)
  43 orc warriors
  A phantom (D:4)
  A sky beast (D:8)
  A necrophage (D:14)
  5 boggarts (Vaults:1)
  A tengu (shapeshifter) (Vaults:1)
  The ghost of Syneil the Slasher, an amateur HuMo (D:3)
  17 centaurs
  17 ogres
  9 crocodiles
  2 big kobolds
  A draconian zombie (Crypt:1)
  31 bullfrogs
  A gnoll sergeant (Orc:2)
  A wyvern zombie (D:9)
  2 scorpions
  19 killer bees
  14 wights
  3 howler monkeys
  A spriggan zombie (Crypt:1)
  3 electric eels
  8 crimson imps
  2 bullfrog zombies
  9 hounds
  A quasit (D:11)
  5 jellies
  3 bullfrog skeletons
  28 orc priests
  22 orc wizards
  A basilisk skeleton (Crypt:1)
  8 iguanas
  A porcupine zombie (Crypt:2)
  14 worker ants
  An acid dragon skeleton (Crypt:1)
  A hound zombie (D:8)
  2 hound skeletons
  Robin (D:4)
  7 gnolls
  A howler monkey skeleton (Crypt:1)
  15 adders
  5 shadow imps
  An ooze (D:5)
  2 worms
  107 orcs
  5 bats
  8 giant cockroaches
  17 goblins
  13 hobgoblins
  16 jackals
  6 quokkas
  4 frilled lizards
  10 kobolds
  2 leopard gecko skeletons
  8 rats
  A river rat skeleton (Crypt:2)
  6 briar patches (Swamp:3)
  6 fungi
  3 plants
1445 creatures vanquished.

Vanquished Creatures (collateral kills)
  A dancing weapon (Orc:2)
  An orc (Orc:2)
2 creatures vanquished.

Vanquished Creatures (others)
  An entropy weaver (Spider:3)
  An ugly thing (Vaults:2)
  2 yaktaurs (Vaults:1)
  A jumping spider (Spider:1)
  2 briar patches (Swamp:4)
  8 fungi
  39 plants
54 creatures vanquished.

Grand Total: 1501 creatures vanquished

Notes
Turn   | Place    | Note
-------+----------+-------------------------------------------
     0 | D:1      | George the Hill Orc Fighter began the quest for the Orb.
     0 | D:1      | Reached XP level 1. HP: 19/19 MP: 1/1
    72 | D:1      | Reached skill level 3 in Axes
   148 | D:1      | Reached XP level 2. HP: 25/26 MP: 2/2
   494 | D:1      | Reached skill level 4 in Axes
   993 | D:2      | Reached XP level 3. HP: 30/31 MP: 3/3
  1066 | D:2      | Reached skill level 5 in Axes
  1239 | D:2      | Reached XP level 4. HP: 39/39 MP: 4/4
  1401 | D:3      | Noticed Syneil's ghost (amateur HuMo)
  1427 | D:2      | Reached skill level 6 in Axes
  1689 | D:2      | Reached XP level 5. HP: 41/45 MP: 5/5
  1724 | D:3      | Killed Syneil's ghost
  1724 | D:3      | Reached skill level 7 in Axes
  2061 | D:3      | Reached skill level 8 in Axes
  2061 | D:3      | Reached XP level 6. HP: 46/51 MP: 6/6
  2805 | D:4      | Noticed Robin
  2820 | D:4      | Killed Robin
  2973 | D:4      | Reached skill level 9 in Axes
  2997 | D:4      | Found an ancient bone altar of Kikubaaqudgha.
  3067 | D:4      | Reached XP level 7. HP: 41/57 MP: 7/7
  3207 | D:4      | Reached skill level 10 in Axes
  3749 | D:5      | Entered Level 5 of the Dungeon
  3859 | D:5      | Reached skill level 11 in Axes
  4016 | D:5      | Reached XP level 8. HP: 33/64 MP: 8/8
  4157 | D:5      | Noticed Ratty's ghost (amateur DECj)
  4165 | D:5      | Killed Ratty's ghost
  4165 | D:5      | Reached skill level 12 in Axes
  4234 | D:5      | Found Legil's Armour Shoppe.
  4309 | D:5      | Found a shimmering altar of Xom.
  4391 | D:6      | Found a hide-covered altar of Uskayaw.
  4394 | D:6      | Found a sparkling altar of Nemelex Xobeh.
  4407 | D:6      | Reached skill level 13 in Axes
  4723 | D:6      | Noticed a troll
  4752 | D:6      | Killed a troll
  4752 | D:6      | Reached skill level 14 in Axes
  4752 | D:6      | Reached XP level 9. HP: 44/70 MP: 9/9
  4777 | D:6      | Found a bloodstained altar of Trog.
  5065 | D:6      | Found a shattered altar of Ashenzari.
  5069 | D:6      | Found a sacrificial altar of Ru.
  5323 | D:6      | Found a shadowy altar of Dithmenos.
  5350 | D:6      | Reached skill level 15 in Axes
  6118 | D:7      | Found a staircase to the Ecumenical Temple.
  6131 | Temple   | Entered the Ecumenical Temple
  6291 | Temple   | Became a worshipper of Qazlal Stormbringer
  6504 | D:7      | Reached skill level 1 in Invocations
  6522 | D:7      | Found a radiant altar of Vehumet.
  6629 | D:8      | Noticed Psyche
  6638 | D:8      | Killed Psyche
  6688 | D:8      | Reached skill level 16 in Axes
  6688 | D:8      | Reached XP level 10. HP: 44/80 MP: 12/12
  7109 | D:8      | Reached skill level 5 in Fighting
  7123 | D:8      | Reached * piety under Qazlal
  7727 | D:9      | Found a staircase to the Orcish Mines.
  7851 | D:8      | Reached skill level 5 in Armour
  8331 | D:9      | Found an iron altar of Okawaru.
  8332 | D:9      | Found a glowing silver altar of Zin.
  8398 | D:9      | Reached skill level 5 in Invocations
  8445 | D:9      | Found a glowing golden altar of the Shining One.
  8471 | D:9      | Found an ornate altar of the Wu Jian Council.
  8884 | D:10     | Entered Level 10 of the Dungeon
  9116 | D:10     | Found a staircase to the Lair.
  9362 | D:10     | Found Koaqy's Book Shoppe.
  9442 | D:10     | Reached ** piety under Qazlal
  9590 | D:10     | Reached XP level 11. HP: 86/92 MP: 15/15
 10008 | D:10     | Reached skill level 17 in Axes
 10131 | D:11     | Noticed a tengu warrior
 10154 | D:11     | Killed a tengu warrior
 10236 | D:11     | Noticed a two-headed ogre
 10246 | D:11     | Killed a two-headed ogre
 10453 | D:11     | Noticed a red ugly thing
 10472 | D:11     | Killed a red ugly thing
 10472 | D:11     | Reached *** piety under Qazlal
 10511 | D:11     | Noticed a two-headed ogre
 10519 | D:11     | Killed a two-headed ogre
 10597 | D:11     | Noticed a white ugly thing
 10647 | D:10     | Killed a white ugly thing
 11118 | D:12     | Noticed a brown ugly thing
 11131 | D:12     | Killed a brown ugly thing
 11131 | D:12     | Reached XP level 12. HP: 78/104 MP: 18/18
 11272 | D:12     | Learned a level 2 spell: Blink
 11336 | D:12     | Got a bloodstained scale mail
 11366 | D:12     | Identified the +8 scale mail of Beogh's Envy {rC+ Regen+ Dex+3 SInv} (You found it on level 12 of the Dungeon)
 11375 | D:12     | Found a hazy altar of Hepliaklqana.
 11392 | D:12     | Noticed a two-headed ogre
 11401 | D:12     | Killed a two-headed ogre
 12037 | D:12     | Reached **** piety under Qazlal
 12407 | D:12     | Reached skill level 10 in Invocations
 12649 | D:5      | Bought a +1 pair of boots of running for 474 gold pieces
 12791 | Lair:1   | Entered Level 1 of the Lair of Beasts
 12842 | Lair:1   | Reached skill level 18 in Axes
 12884 | Lair:1   | Noticed a four-headed hydra
 12891 | Lair:1   | Killed a four-headed hydra
 12891 | Lair:1   | Reached skill level 10 in Fighting
 12905 | Lair:1   | Noticed an eight-headed hydra
 12913 | Lair:1   | Killed an eight-headed hydra
 13532 | Lair:2   | Found a hole to the Spider Nest.
 13556 | Lair:2   | Reached skill level 10 in Armour
 13715 | Lair:2   | Found a staircase to the Swamp.
 14352 | Lair:3   | Reached XP level 13. HP: 114/114 MP: 21/21
 15161 | Lair:4   | Reached ***** piety under Qazlal
 15537 | Lair:5   | Reached skill level 19 in Axes
 16256 | Lair:6   | Entered Level 6 of the Lair of Beasts
 16787 | Lair:6   | Reached XP level 14. HP: 90/126 MP: 23/23
 17013 | Lair:6   | Found a staircase to the Slime Pits.
 17863 | Lair:6   | Reached ****** piety under Qazlal
 18363 | Orc:1    | Entered Level 1 of the Orcish Mines
 18415 | Orc:1    | Reached skill level 20 in Axes
 18479 | Orc:1    | Noticed an orc warlord
 18509 | Orc:1    | Killed an orc warlord
 18776 | Orc:2    | Entered Level 2 of the Orcish Mines
 18776 | Orc:2    | Found a staircase to the Elven Halls.
 18856 | Orc:2    | Found a roughly hewn altar of Beogh.
 19844 | Orc:2    | Reached XP level 15. HP: 99/137 MP: 25/25
 20087 | Orc:2    | Found Hozevi Ehui's Magic Scroll Boutique.
 20089 | Orc:2    | Found Feorrem's General Store.
 20348 | Orc:2    | Bought a scroll of teleportation for 36 gold pieces
 20348 | Orc:2    | Bought a scroll of identify for 24 gold pieces
 20348 | Orc:2    | Bought a scroll of identify for 24 gold pieces
 20352 | Orc:2    | Bought a scroll of identify for 32 gold pieces
 20352 | Orc:2    | Bought a scroll of identify for 32 gold pieces
 20661 | Orc:2    | Found Kurib's Antique Armour Emporium.
 20661 | Orc:2    | Found Caen Umu's Gadget Shoppe.
 20661 | Orc:2    | Found a one-way gate leading to the halls of Pandemonium.
 20667 | Orc:2    | Bought a pair of slimy gloves for 180 gold pieces
 20678 | Orc:2    | Identified the cursed +0 pair of gloves "Goruitad" {rElec Slay+3} (You bought it in a shop on level 2 of the Orcish Mines)
 20707 | Orc:2    | Bought a faintly glowing buckler for 180 gold pieces
 20717 | Orc:2    | Identified the +3 buckler "Cegyphul" {*Drain rC+ Str+10} (You bought it in a shop on level 2 of the Orcish Mines)
 20720 | Orc:2    | Bought a pair of runed boots for 142 gold pieces
 20772 | Orc:2    | Bought a scroll of teleportation for 48 gold pieces
 20772 | Orc:2    | Bought a scroll of teleportation for 48 gold pieces
 20972 | D:13     | Found a portal to a secret trove of treasure.
 21175 | D:13     | Reached skill level 15 in Invocations
 21463 | D:13     | Found Isigokol's Antique Armour Shoppe.
 21525 | D:13     | Bought a shiny helmet for 210 gold pieces
 21535 | D:13     | Bought a shiny helmet for 210 gold pieces
 21843 | D:14     | Reached skill level 5 in Shields
 21916 | D:14     | Found a gate to the Vaults.
 22443 | D:15     | Entered Level 15 of the Dungeon
 22489 | D:15     | Reached XP level 16. HP: 124/147 MP: 27/27
 22579 | D:15     | Reached skill level 21 in Axes
 22587 | D:15     | Reached skill level 15 in Fighting
 22839 | D:15     | Found a staircase to the Depths.
 22971 | D:15     | Found a shattered altar of Ashenzari.
 23872 | Swamp:1  | Entered Level 1 of the Swamp
 25016 | Swamp:2  | Got a vibrating iron amulet
 25018 | Swamp:2  | Identified the amulet of Ixaqonasch {rPois Regen+} (You found it on level 2 of the Swamp)
 25513 | Swamp:3  | Noticed Kirke
 25528 | Swamp:3  | Killed Kirke
 25544 | Swamp:3  | Noticed a thorn hunter
 25558 | Swamp:3  | Killed a thorn hunter
 25994 | Swamp:3  | Found a hazy altar of Hepliaklqana.
 26183 | Swamp:4  | Entered Level 4 of the Swamp
 26201 | Swamp:4  | Reached XP level 17. HP: 135/158 MP: 29/29
 26224 | Swamp:4  | Reached skill level 15 in Armour
 26317 | Swamp:4  | Got a fine ruby amulet
 26506 | Swamp:4  | Reached skill level 22 in Axes
 26886 | Swamp:4  | Noticed a tentacled monstrosity
 26900 | Swamp:4  | Killed a tentacled monstrosity
 27214 | Swamp:4  | Got a decaying rune of Zot
 27762 | Spider:1 | Entered Level 1 of the Spider Nest
 27920 | Spider:1 | Got a clouded lead ring
 27922 | Spider:1 | Identified the ring of Yroeloga {rC+ rN++ Dex-3 SInv Stlth-} (You found it on level 1 of the Spider Nest)
 28474 | Spider:2 | Reached XP level 18. HP: 143/170 MP: 30/30
 29483 | Spider:3 | Reached skill level 23 in Axes
 29905 | Spider:3 | Got a steaming golden ring
 29907 | Spider:3 | Identified the ring "Jecrem" {-Tele rElec rC+ SInv} (You found it on level 3 of the Spider Nest)
 30115 | Spider:4 | Entered Level 4 of the Spider Nest
 30189 | Spider:4 | Identified the amulet "Verustra" {Gourm -Tele rF++ Dex+5} (You found it on level 4 of the Swamp)
 31026 | Spider:4 | Noticed Mara
 31032 | Spider:4 | Noticed George's illusion
 31231 | Spider:4 | Reached XP level 19. HP: 118/179 MP: 32/32
 31266 | Spider:4 | Killed Mara
 31350 | Spider:4 | Got a gossamer rune of Zot
 31723 | D:10     | Bought a book of the Warp for 1080 gold pieces
 31828 | D:13     | You paid a toll of a book of the Warp to enter a treasure trove
 31829 | Trove    | Entered a treasure trove
 31859 | Trove    | Got a scorched executioner's axe
 31884 | Trove    | Got a vibrating tin amulet
 31943 | D:13     | Identified the amulet of Akhlawkag {Spirit rElec rPois Int-4 Dex+2 Stlth+} (You found it in a treasure trove)
 32043 | Vaults:1 | Entered Level 1 of the Vaults
 32072 | Vaults:1 | Identified the +4 executioner's axe "Oggimas" {vamp, MR+ Int-5 Dex+2 SInv} (You found it in a treasure trove)
 33158 | Vaults:2 | Reached skill level 1 in Dodging
 33377 | Vaults:2 | Found a staircase to the Crypt.
 33452 | Vaults:2 | Reached skill level 24 in Axes
 33478 | Vaults:2 | Identified the Reference Book on the Warped Arsonist
 33753 | Vaults:2 | Reached XP level 20. HP: 191/191 MP: 34/34
 34225 | Crypt:1  | Entered Level 1 of the Crypt
 35612 | Crypt:2  | Noticed Saint Roka
 35638 | Crypt:2  | HP: 3/191 [vampire knight/great sword of draining (26)]
 35638 | Crypt:2  | Slain by a vampire knight

Vault maps used:
D:1:      matt_arrival_los_fun, minmay_misc_feat_x
D:2:      minmay_distorted
D:3:      first_bread, item_on_display_a
D:4:      kiku_gazebo_garden_becter, uniq_robin
D:5:      old_standard_altar, serial_shops, nicolae_shop_waterfront
D:6:      grunt_temple_overflow_open, marbit_many_paths, trog_butcher_becter
D:7:      nicolae_overflow_crystal_walls, minmay_temple_entry_grid, the_bakery
D:8:      uniq_psyche
D:9:      nicolae_tso_swordbearing_angel, nicolae_overflow_hidden_temple,
          lemuel_round_altar, david_orc_3
D:10:     erik_lair_dragon, serial_shops, shop_fountains
D:11:     cheibrodos_elevator_heist, kennysheep_nondescript
D:12:     basic_altar
D:13:     nicolae_trove_entry_diagonal, serial_shops, nicolae_shop_statue_plus
D:14:     david_vaults_5, hangedman_decor_riveting
D:15:     grunt_enter_depths_hoard, nicolae_ashenzari_panopticon,
          hangedman_abyss_or_decor_jellyfish_corner
Temple:   dpeg_chambers_temple
Lair:2:   minmay_swamp_entry_worms, nicolae_spider_entry_orb_guardian,
          lemuel_fruit_tree
Lair:4:   nicolae_quartered_pool_super, grunt_megastairs_1
Lair:5:   grunt_megastairs_2, infiniplex_staircase_pool, serial_bayou_shore_a
Lair:6:   minmay_lair_end_frog_pond, slime_dummy, infiniplex_staircase_pool_2
Swamp:1:  nicolae_swamp_very_dense_foliage, swamp_pool3
Swamp:2:  evilmike_swamp_ruin_house_5, swamp_pool2, statue_in_the_mist_lemuel
Swamp:3:  basic_altar, uniq_kirke
Swamp:4:  swamp_vile
Spider:2: spider_trap, nicolae_looking_at_the_future
Spider:3: nicolae_orb_stairs
Spider:4: grunt_spider_rune_parallel, uniq_mara
Orc:1:    minmay_orc_barracks
Orc:2:    pf_orc_diabolical, basic_altar, sword_in_stone
Vaults:1: ontoclasm_vaults_ring_large, vaults_room_corners, vaults_mumra_lcd,
          vaults_room_fours, ontoclasm_vaults_chip, v_pattern_2
Vaults:2: vaults_room_pool, nicolae_vaults_three_branches,
          ontoclasm_vaults_chip, hangedman_vaults_unwind, vaults_mumra_chevron,
          nicolae_vaults_angled_halls, v_rooms_5, hangedman_vaults_stagger,
          v_misc_24, v_rooms_1, vaults_dpeg_ring, dummy_crypt_entry
Crypt:2:  uniq_xtahua, uniq_mennas, uniq_saint_roka
Trove:    trove_garden

Skill      XL: |  1  2  3  4  5  6  7  8  9 10 11 12 13 14 15 16 17 18 19 20 |
---------------+-------------------------------------------------------------+-----
Axes           | 3 4 5 6 8 9 11 14 16 17 18 19 20 21 22 23 24 | 24.3
Invocations    | 3 6 9 11 12 14 15 16 17 19 20 | 20.3
Fighting       | 4 7 9 10 12 13 14 16 17 18 19 | 19.4
Armour         | 4 6 8 10 11 12 13 14 15 16 17 18 | 18.0
Shields        | 5 |  5.1
Dodging        | 3 4 |  4.4

Action                   |  1- 3 |  4- 6 |  7- 9 | 10-12 | 13-15 | 16-18 | 19-21 || total
-------------------------+-------+-------+-------+-------+-------+-------+-------++-------
Melee: War axe           |    85 |   198 |   363 |   158 |   389 |  1292 |    48 ||  2533
       Hand axe          |       |       |       |   742 |   844 |    77 |       ||  1663
       Morningstar       |       |       |       |     8 |    51 |       |       ||    59
       Executioner's axe |       |       |       |       |       |       |   585 ||   585
Invok: Upheaval          |       |       |       |       |     2 |     5 |    10 ||    17
       Disaster Area     |       |       |       |       |     2 |       |     1 ||     3
       Elemental Force   |       |       |       |       |     1 |       |     2 ||     3
Evoke: Wand              |       |       |     2 |       |       |       |       ||     2
  Use: Scroll            |       |       |     9 |     5 |    10 |     6 |     3 ||    33
       Potion            |       |       |       |       |     3 |       |       ||     3
 Stab: Confused          |       |       |       |     1 |       |       |     2 ||     3
       Distracted        |       |       |       |       |     2 |       |       ||     2
  Eat: Chunk             |     1 |     6 |    12 |    24 |    35 |    27 |     8 ||   113
       Fruit             |       |       |       |     1 |       |       |     6 ||     7
       Meat ration       |       |       |       |       |       |       |     1 ||     1
Armor: Scale mail        |    46 |    81 |       |    81 |   483 |   633 |   265 ||  1589
       Chain mail        |       |    49 |   169 |    44 |       |       |       ||   262
       Plate armour      |       |       |       |   228 |       |       |       ||   228
Dodge: Dodged            |    31 |    63 |    47 |   124 |   274 |   366 |   226 ||  1131
       Deflected         |       |       |       |     1 |     5 |     7 |    45 ||    58
Block: Shield            |    37 |   124 |   141 |   159 |       |       |       ||   461
       Buckler           |       |       |       |   172 |   745 |   905 |    41 ||  1863
       Other             |       |       |       |       |       |       |   214 ||   214
